EVO
STANFORD UNIVERSITY CARDINAL @ UNIVERSITY OF SOUTH CAROLINA GAMECOCKS
07/14/2044
 
TOP OF THE 1ST
Stanford University Cardinal batting - Pitching for University of South Carolina Gamecocks : LHP David Reyes
Pitching: LHP David Reyes
Batting: LHB Andy Buschlen 0-0: Ball
1-0: Called Strike
1-1: Called Strike
1-2: Ground out 4-3 (Groundball, 4, EV 81.9 MPH)
Batting: RHB Roy Battist 0-0: Ball
1-0: Ball
2-0: Ball
3-0: Called Strike
3-1: Base on Balls
Batting: SHB Jason Larson 0-0: Grounds into double play, 4-6-3 (Groundball, 34, EV 101.9 MPH)
Top of the 1st over - 0 runs, 0 hits, 0 errors, 0 left on base; Stanford University 0 - University of South Carolina 0
BOTTOM OF THE 1ST
University of South Carolina Gamecocks batting - Pitching for Stanford University Cardinal : RHP Rod Najera
Pitching: RHP Rod Najera
Batting: RHB Wataru Tani 0-0: Ball
1-0: Ground out 6-3 (Groundball, 6, EV 80.6 MPH)
Batting: RHB Kevin Popowicz 0-0: Called Strike
0-1: Called Strike
0-2: Ball
1-2: Ground out 6-3 (Groundball, 6, EV 83.1 MPH)
Batting: LHB Adam Hill 0-0: Called Strike
0-1: Ball
1-1: Ball
2-1: Foul Ball, location: 2F
2-2: Ball
3-2: SOLO HOME RUN (Flyball, 89XD, EV 108.8 MPH), Distance : 428 ft
Batting: SHB Isaiah Scates 0-0: Ball
1-0: Foul Ball, location: 2F
1-1: Called Strike
1-2: Strikes out swinging
Bottom of the 1st over - 1 run, 1 hit, 0 errors, 0 left on base; Stanford University 0 - University of South Carolina 1
TOP OF THE 2ND
Stanford University Cardinal batting - Pitching for University of South Carolina Gamecocks : LHP David Reyes
Batting: RHB Mike Bell 0-0: Ball
1-0: Swinging Strike
1-1: Ball
2-1: Ball
3-1: Called Strike
3-2: Strikes out swinging
Batting: SHB Justin Houser 0-0: Ball
1-0: Ball
2-0: Called Strike
2-1: Foul Ball, location: 2F
2-2: Ball
3-2: Foul Ball, location: 2F
3-2: Base on Balls
Batting: SHB Sun-wei Ng 0-0: Called Strike
0-1: Foul Ball, location: 2F
0-2: Ball
1-2: Foul Ball, location: 2F
1-2: 2-RUN HOME RUN (Flyball, 9D, EV 95.6 MPH), Distance : 383 ft
Batting: RHB Joe Sandoval 0-0: Called Strike
0-1: Ball
1-1: Ground out 1-3 (Groundball, 13, EV 67.5 MPH)
Batting: RHB Ian Hornsby 0-0: Ball
1-0: Ball
2-0: Swinging Strike
2-1: Ground out 4-3 (Groundball, 4, EV 101.9 MPH)
Top of the 2nd over - 2 runs, 1 hit, 0 errors, 0 left on base; Stanford University 2 - University of South Carolina 1
BOTTOM OF THE 2ND
University of South Carolina Gamecocks batting - Pitching for Stanford University Cardinal : RHP Rod Najera
Batting: RHB Tylor Cyr 0-0: Called Strike
0-1: Foul Ball, location: 2F
0-2: Ball
1-2: Fly out, F8 (Flyball, 8LD, EV 104.4 MPH)
Batting: RHB Mike McElroy 0-0: Ball
1-0: Ball
2-0: Fly out, F6 (Flyball, 6D, EV 86.9 MPH)
Batting: RHB Dave Perron 0-0: Ball
1-0: Called Strike
1-1: Foul Ball, location: 2F
1-2: Ball
2-2: Ball
3-2: Strikes out swinging
Bottom of the 2nd over - 0 runs, 0 hits, 0 errors, 0 left on base; Stanford University 2 - University of South Carolina 1
TOP OF THE 3RD
Stanford University Cardinal batting - Pitching for University of South Carolina Gamecocks : LHP David Reyes
Batting: LHB Jim Jardine 0-0: Foul Ball, location: 2F
0-1: Foul Ball, location: 2F
0-2: Ball
1-2: SINGLE (Flyball, 4MD, EV 93.1 MPH)
Batting: LHB Andy Buschlen 0-0: Called Strike
0-1: Ball
1-1: Ball
2-1: Foul Ball, location: 2F
2-2: Foul Ball, location: 2F
2-2: Foul Ball, location: 2F
2-2: SINGLE (Line Drive, 4D, EV 105.0 MPH)
Jim Jardine to second
Batting: RHB Roy Battist 0-0: Ball
1-0: Foul Ball, location: 2F
1-1: 3-RUN HOME RUN (Line Drive, 89XD, EV 106.3 MPH), Distance : 438 ft
Batting: SHB Jason Larson 0-0: Called Strike
0-1: Called Strike
0-2: Strikes out swinging
Batting: RHB Mike Bell 0-0: Ball
1-0: Foul Ball, location: 2F
1-1: SINGLE (Groundball, 6M, EV 89.4 MPH) (infield hit)
Batting: SHB Justin Houser 0-0: Called Strike
0-1: Called Strike
0-2: Strikes out looking
Batting: SHB Sun-wei Ng 0-0: Fly out, F9 (Flyball, 9, EV 85.6 MPH)
Top of the 3rd over - 3 runs, 4 hits, 0 errors, 1 left on base; Stanford University 5 - University of South Carolina 1
BOTTOM OF THE 3RD
University of South Carolina Gamecocks batting - Pitching for Stanford University Cardinal : RHP Rod Najera
Batting: SHB Willie Medina 0-0: Ball
1-0: Swinging Strike
1-1: Foul Ball, location: 2F
1-2: Ball
2-2: Foul Ball, location: 2F
2-2: Ball
3-2: Base on Balls
Batting: RHB Juan Bonilla 0-0: Called Strike
0-1: Ball
1-1: Called Strike
1-2: Ball
2-2: Ball
3-2: Ground out 4-3 (Groundball, 34, EV 80.6 MPH)
Willie Medina to second
Batting: RHB Wataru Tani 0-0: Called Strike
0-1: Ball
1-1: Ball
2-1: Called Strike
2-2: Ball
3-2: Foul Ball, location: 2F
3-2: Foul Ball, location: 2F
3-2: SINGLE (Groundball, 6MD, EV 101.3 MPH)
Willie Medina to third
Runner from 3rd tries for Home, SAFE, throw by CF to home
Batting: RHB Kevin Popowicz 0-0: Fly out, F9 (Flyball, 9D, EV 100.0 MPH)
Batting: LHB Adam Hill 0-0: Ball
1-0: DOUBLE (Line Drive, 89M, EV 100.6 MPH)
Wataru Tani to third
Runner from 3rd tries for Home, SAFE, no throw by CF
Batting: SHB Isaiah Scates 0-0: Ball
1-0: Foul Ball, location: 2F
1-1: Foul Ball, location: 2F
1-2: Fly out, F9 (Flyball, 9S, EV 82.5 MPH)
Bottom of the 3rd over - 2 runs, 2 hits, 0 errors, 1 left on base; Stanford University 5 - University of South Carolina 3
TOP OF THE 4TH
Stanford University Cardinal batting - Pitching for University of South Carolina Gamecocks : LHP David Reyes
Pitching: RHP Pablo Medina
Batting: RHB Joe Sandoval 0-0: Swinging Strike
0-1: Ball
1-1: Ball
2-1: Ground out 3-1 (Groundball, 34S, EV 70.0 MPH)
Batting: RHB Ian Hornsby 0-0: Ball
1-0: Ball
2-0: Called Strike
2-1: Ground out 6-3 (Groundball, 56, EV 95.0 MPH)
Batting: LHB Jim Jardine 0-0: Ball
1-0: Ball
2-0: SINGLE (Groundball, 34D, EV 95.6 MPH)
Batting: LHB Andy Buschlen 0-0: Foul Ball, location: 2F
0-1: Swinging Strike
0-2: Foul Ball, location: 2F
0-2: Strikes out swinging
Top of the 4th over - 0 runs, 1 hit, 0 errors, 1 left on base; Stanford University 5 - University of South Carolina 3
BOTTOM OF THE 4TH
University of South Carolina Gamecocks batting - Pitching for Stanford University Cardinal : RHP Rod Najera
Batting: RHB Tylor Cyr 0-0: Ball
1-0: Foul Ball, location: 2F
1-1: Ball
2-1: Foul Ball, location: 2F
2-2: Foul Ball, location: 2F
2-2: Ball
3-2: Base on Balls
Batting: RHB Mike McElroy 0-0: Foul Ball, location: 2F
0-1: Foul Ball, location: 2F
0-2: Foul Ball, location: 2F
0-2: Foul Ball, location: 2F
0-2: Strikes out swinging
Batting: RHB Dave Perron 0-0: Ball
1-0: Called Strike
1-1: Called Strike
1-2: Ball
2-2: Foul Ball, location: 2F
2-2: Fly out, F8 (Flyball, 8RD, EV 91.3 MPH)
Pitching: RHP Patrick Kiernan
Batting: SHB Willie Medina 0-0: Called Strike
0-1: SINGLE (Flyball, 9S, EV 85.6 MPH)
Tylor Cyr to second
Runner from 2nd tries for 3rd, SAFE, throw by RF made to third
Batting: RHB Juan Bonilla 0-0: Ball
1-0: SINGLE (Line Drive, 9LS, EV 99.4 MPH)
Tylor Cyr scores
Willie Medina to second
Runner from 2nd tries for 3rd, SAFE, throw by RF made to third
Pinch Hitting: RHB Kenny Thissen 0-0: Ball
1-0: Swinging Strike
1-1: Ball
2-1: SINGLE (Groundball, P, EV 88.8 MPH) (infield hit)
Willie Medina scores
Juan Bonilla to second
Batting: RHB Kevin Popowicz 0-0: Ball
1-0: Ball
2-0: Called Strike
2-1: Ball
3-1: Base on Balls
Juan Bonilla to third
Kenny Thissen to second
Batting: LHB Adam Hill 0-0: Called Strike
0-1: Ball
1-1: Ground out 4-3 (Groundball, 4S, EV 83.8 MPH)
Bottom of the 4th over - 2 runs, 3 hits, 0 errors, 3 left on base; Stanford University 5 - University of South Carolina 5
TOP OF THE 5TH
Stanford University Cardinal batting - Pitching for University of South Carolina Gamecocks : RHP Pablo Medina
Now in CF: Jake Geib
Batting: RHB Roy Battist 0-0: Swinging Strike
0-1: Foul Ball, location: 2F
0-2: Ball
1-2: Ball
2-2: Ball
3-2: Fly out, F7 (Flyball, 7LD, EV 83.8 MPH)
Batting: SHB Jason Larson 0-0: Called Strike
0-1: Called Strike
0-2: Ball
1-2: SOLO HOME RUN (Flyball, 9D, EV 96.9 MPH), Distance : 372 ft
Batting: RHB Mike Bell 0-0: Called Strike
0-1: Ball
1-1: Called Strike
1-2: Ground out 4-3 (Groundball, 4M, EV 98.1 MPH)
Pitching: RHP George Crousse
Batting: SHB Justin Houser 0-0: Swinging Strike
0-1: SINGLE (Flyball, 4MD, EV 96.3 MPH)
Batting: SHB Sun-wei Ng 0-0: Ball
1-0: Called Strike
Balk!
Justin Houser to second
1-1: Ground out 1-3 (Groundball, 25, EV 68.8 MPH)
Top of the 5th over - 1 run, 2 hits, 0 errors, 1 left on base; Stanford University 6 - University of South Carolina 5
BOTTOM OF THE 5TH
University of South Carolina Gamecocks batting - Pitching for Stanford University Cardinal : RHP Patrick Kiernan
Batting: SHB Isaiah Scates 0-0: Ball
1-0: Fly out, F4 (Popup, 4, EV 67.5 MPH)
Batting: RHB Tylor Cyr 0-0: Ball
1-0: Ball
2-0: Called Strike
2-1: Called Strike
2-2: Strikes out looking
Batting: RHB Mike McElroy 0-0: Swinging Strike
0-1: SINGLE (Line Drive, 8LS, EV 105.6 MPH)
Batting: RHB Dave Perron 0-0: Ball
1-0: Foul Ball, location: 2F
1-1: Ball
2-1: Swinging Strike
2-2: Foul Ball, location: 2F
2-2: Foul Ball, location: 2F
2-2: Ball
3-2: SINGLE (Flyball, 56D, EV 84.4 MPH)
Mike McElroy to second
Mike McElroy to third
Batting: SHB Willie Medina 0-0: Ball
1-0: Ball
2-0: Ball
Wild Pitch!
Mike McElroy scores
Dave Perron to second
3-0: Base on Balls
Batting: RHB Juan Bonilla 0-0: Ball
1-0: Ball
2-0: Called Strike
2-1: Fly out, F8 (Flyball, 8LS, EV 91.9 MPH)
Bottom of the 5th over - 1 run, 2 hits, 0 errors, 2 left on base; Stanford University 6 - University of South Carolina 6
TOP OF THE 6TH
Stanford University Cardinal batting - Pitching for University of South Carolina Gamecocks : RHP George Crousse
Batting: RHB Joe Sandoval 0-0: Ball
1-0: Ball
2-0: Foul Ball, location: 2F
2-1: Foul Ball, location: 2F
2-2: Strikes out swinging
Batting: RHB Ian Hornsby 0-0: Ball
1-0: Called Strike
1-1: Ball
2-1: Fly out, F1 (Line Drive, P, EV 76.3 MPH)
Batting: LHB Jim Jardine 0-0: Foul Ball, location: 2F
0-1: Ball
1-1: DOUBLE (Groundball, 5L, EV 101.9 MPH)
Batting: LHB Andy Buschlen 0-0: Called Strike
0-1: Ball
1-1: Foul Ball, location: 2F
1-2: Ball
2-2: Ball
3-2: Strikes out swinging
Top of the 6th over - 0 runs, 1 hit, 0 errors, 1 left on base; Stanford University 6 - University of South Carolina 6
BOTTOM OF THE 6TH
University of South Carolina Gamecocks batting - Pitching for Stanford University Cardinal : RHP Patrick Kiernan
Batting: RHB Jake Geib 0-0: Called Strike
0-1: Foul Ball, location: 2F
0-2: Ball
1-2: Foul Ball, location: 2F
1-2: Foul Ball, location: 2F
1-2: Ball
2-2: Ball
3-2: SINGLE (Groundball, 25, EV 67.5 MPH) (infield hit)
Pitching: RHP Manny de la Cruz
Pinch Hitting: RHB Luis Castillo 0-0: SINGLE (Groundball, 56, EV 95.6 MPH)
Jake Geib to second
Pinch Hitting: RHB Chris Arroyo 0-0: Foul Ball, location: 2F
0-1: Swinging Strike
0-2: SINGLE (Groundball, 4MD, EV 95.6 MPH)
Jake Geib to third
Luis Castillo to second
Batting: RHB Adam Bourg 0-0: Foul Ball, location: 2F
0-1: Foul Ball, location: 2F
0-2: DOUBLE (Line Drive, 89M, EV 91.3 MPH)
Jake Geib scores
Luis Castillo scores
Chris Arroyo to third
Runner from 3rd tries for Home, SAFE, no throw by CF
Batting: RHB Tylor Cyr 0-0: Ground out 6-3 (Groundball, 4M, EV 101.9 MPH)
Adam Bourg to third
Batting: RHB Mike McElroy 0-0: Called Strike
0-1: 2-RUN HOME RUN (Flyball, 9D, EV 99.4 MPH), Distance : 368 ft
Pitching: RHP Jesse Clark
Pinch Hitting: RHB Drew Coleman 0-0: Foul Ball, location: 2F
0-1: Ball
1-1: Foul Ball, location: 2F
1-2: Ball
2-2: Foul Ball, location: 2F
2-2: Ground out 4-3 (Groundball, 4S, EV 85.6 MPH)
Batting: SHB Willie Medina 0-0: Foul Ball, location: 2F
0-1: Ball
1-1: Swinging Strike
1-2: Fly out, F5 (Popup, 5S, EV 79.4 MPH)
Bottom of the 6th over - 5 runs, 5 hits, 0 errors, 0 left on base; Stanford University 6 - University of South Carolina 11
TOP OF THE 7TH
Stanford University Cardinal batting - Pitching for University of South Carolina Gamecocks : RHP George Crousse
Now at 2B: Kevin Harris
Now at 3B: Chris Arroyo
Now in RF: Drew Coleman
Batting: SHB Robert Santiago 0-0: Swinging Strike
0-1: Foul Ball, location: 2F
0-2: Ground out 6-3 (Groundball, 6, EV 104.4 MPH)
Pinch Hitting: RHB Adrian Cox 0-0: Called Strike
0-1: Foul Ball, location: 2F
0-2: Ball
1-2: SINGLE (Groundball, 4M, EV 97.5 MPH)
Pitching: RHP Angel Pesina
Pinch Hitting: LHB Tomas Espino 0-0: Ball
1-0: Fly out, F4 (Popup, 4MD, EV 53.1 MPH)
Pinch Hitting: RHB Kevin Larner 0-0: Called Strike
0-1: Ball
1-1: Ball
2-1: Foul Ball, location: 2F
2-2: Ball
3-2: Ground out 1-3 (Groundball, P, EV 74.4 MPH)
Top of the 7th over - 0 runs, 1 hit, 0 errors, 1 left on base; Stanford University 6 - University of South Carolina 11
BOTTOM OF THE 7TH
University of South Carolina Gamecocks batting - Pitching for Stanford University Cardinal : RHP Jesse Clark
Now at 1B: Tomas Espino
Now at 3B: Kevin Larner
Now in LF: Adrian Cox
Batting: RHB Juan Bonilla 0-0: Ball
1-0: Swinging Strike
1-1: Swinging Strike
1-2: Strikes out swinging
Batting: RHB Jake Geib 0-0: Ball
1-0: Ball
2-0: Foul Ball, location: 2F
2-1: Swinging Strike
2-2: Foul Ball, location: 2F
2-2: Foul Ball, location: 2F
2-2: Ball
3-2: Ground out 5-3 (Groundball, 56, EV 107.5 MPH)
Batting: RHB Kevin Harris 0-0: Ball
1-0: Called Strike
1-1: Ground out 5-3 (Groundball, 5, EV 76.9 MPH)
Bottom of the 7th over - 0 runs, 0 hits, 0 errors, 0 left on base; Stanford University 6 - University of South Carolina 11
TOP OF THE 8TH
Stanford University Cardinal batting - Pitching for University of South Carolina Gamecocks : RHP Angel Pesina
Batting: SHB Sun-wei Ng 0-0: Called Strike
0-1: Ball
1-1: Foul Ball, location: 2F
1-2: Foul Ball, location: 2F
1-2: DOUBLE (Line Drive, 3D, EV 101.9 MPH)
Pinch Hitting: SHB Justin Corbett 0-0: Foul Ball, location: 2F
0-1: Swinging Strike
0-2: Ball
1-2: Foul Ball, location: 2F
1-2: Foul Ball, location: 2F
1-2: Strikes out swinging
Batting: RHB Ian Hornsby 0-0: Called Strike
0-1: Fly out, F8 (Flyball, 8LD, EV 106.3 MPH)
Pinch Hitting: RHB Victor Robledo 0-0: Ball
1-0: Swinging Strike
1-1: Fly out, F9 (Flyball, 9, EV 78.1 MPH)
Top of the 8th over - 0 runs, 1 hit, 0 errors, 1 left on base; Stanford University 6 - University of South Carolina 11
BOTTOM OF THE 8TH
University of South Carolina Gamecocks batting - Pitching for Stanford University Cardinal : RHP Jesse Clark
Now at 2B: Victor Robledo
Now at SS: Justin Corbett
Batting: RHB Chris Arroyo 0-0: Swinging Strike
0-1: Called Strike
0-2: Ball
1-2: Strikes out swinging
Batting: RHB Adam Bourg 0-0: Called Strike
0-1: Foul Ball, location: 2F
0-2: Ball
1-2: Foul Ball, location: 2F
1-2: Ground out 5-3 (Groundball, 56, EV 88.1 MPH)
Batting: RHB Tylor Cyr 0-0: Ball
1-0: Ball
2-0: SINGLE (Line Drive, 6D, EV 105.6 MPH)
Pitching: RHP Jason Barr
Pinch Hitting: LHB Jose Simental 0-0: Fly out, F6 (Line Drive, 6, EV 74.4 MPH)
Bottom of the 8th over - 0 runs, 1 hit, 0 errors, 1 left on base; Stanford University 6 - University of South Carolina 11
TOP OF THE 9TH
Stanford University Cardinal batting - Pitching for University of South Carolina Gamecocks : RHP Angel Pesina
Now at SS: Jose Simental
Batting: LHB Andy Buschlen 0-0: Fly out, F8 (Line Drive, 8RM, EV 90.6 MPH)
Batting: SHB Robert Santiago 0-0: Called Strike
0-1: Foul Ball, location: 2F
0-2: Ground out 4-3 (Groundball, 4, EV 95.0 MPH)
Batting: RHB Adrian Cox 0-0: Fly out, F8 (Flyball, 8LD, EV 106.3 MPH)
Top of the 9th over - 0 runs, 0 hits, 0 errors, 0 left on base; Stanford University 6 - University of South Carolina 11
Thursday, March 31st , 2022 - OOTP Baseball 22.12 Build 89